CAROLINA vs FLORIDA

Created - March-24-21 at 17:42

Goals
1 2 3 T
CAROLINA 2 2 1 5
FLORIDA 1 0 2 3
Shots
1 2 3 T
CAROLINA 8 12 11 31
FLORIDA 11 9 13 33

1st period

1. FLORIDA , Adam Lowry 5 (Shayne Gostisbehere 13, Jimmy Howard) at 2:14 (PP)
2. CAROLINA , Adam Henrique 12 (Dominik Kubalik 11, Mitch Vande Sompel 1) at 4:13
3. CAROLINA , Alexander Radulov 15 (Dominik Kubalik 12, Nicklas Backstrom 24) at 8:31 (PP)

Penalties :
Sebastian Aho (CAR) for High sticking (Minor) at 1:31, Marc Staal (FLA) for High sticking (Minor) at 8:27

2nd period

4. CAROLINA , Patrice Bergeron 12 (Claude Giroux 12) at 0:04
5. CAROLINA , Brent Burns 8 (Dominik Kubalik 13, Duncan Keith 16) at 1:31

Penalties :
Dominik Kubalik (CAR) for Hooking (Minor) at 16:37, Deryk Engelland (CAR) for Hooking (Minor) at 18:29

3rd period

6. CAROLINA , Adam Henrique 13 (Nicklas Backstrom 25, Dominik Kubalik 14) at 3:28
7. FLORIDA , Alex Galchenyuk 7 (Brett Ritchie 6, Radim Simek 13) at 11:30
8. FLORIDA , Shayne Gostisbehere 8 (Marc Staal 10, Patrick Marleau 13) at 14:47

Penalties :
Patrick Marleau (FLA) for Fighting (Major) at 2:29, Claude Giroux (CAR) for Fighting (Major) at 2:29, Martin Necas (FLA) for Slashing (Minor) at 7:33, Shayne Gostisbehere (FLA) for Holding (Minor) at 15:58

Goalie Stats

Samuel Montembeault (CAR), 30 saves from 33 shots - (0.909), W, 2-0-0, 60:00 minutes
Jimmy Howard (FLA), 26 saves from 31 shots - (0.839), L, 11-21-5, 60:00 minutes

Players Stats for CAROLINA

Player Name              G  A  P  +/- PIM S  H  SB GA TA FO     MP     PP MP  PK MP  
------------------------------------------------------------------------------------
Adam Henrique            2  0  2   1  0   3  0  0  0  0  0/0    16:44   0:00   0:54 
Alexander Radulov        1  0  1   1  0   2  1  0  0  0  2/2    15:35   2:06   0:00 
Brent Burns              1  0  1  -1  0   4  2  3  0  0  0/0    25:46   2:07   3:03 
CAR Cap Hit              0  0  0  -1  0   0  0  0  0  0  0/0     4:59   0:00   0:00 
Claude Giroux            0  1  1   1  5   4  2  0  0  0  1/1    17:15   1:56   3:33 
Cooper Marody            0  0  0   0  0   0  0  0  0  0  1/1     3:22   0:00   0:00 
Deryk Engelland          0  0  0   1  2   4  0  1  0  0  0/0    19:26   1:55   0:50 
Dominik Kubalik          0  4  4   1  2   1  2  0  0  0  0/0    17:55   2:06   0:00 
Duncan Keith             0  1  1   0  0   1  1  3  0  0  0/0    20:47   2:07   3:03 
Joel L'Esperance         0  0  0   0  0   0  0  0  0  0  0/0     5:25   0:00   0:00 
Kyle Clifford            0  0  0   0  0   0  1  0  0  0  0/1    16:40   0:00   0:00 
Matt Martin              0  0  0   0  0   0  2  0  0  0  0/0     5:25   0:00   0:00 
Mitch Vande Sompel       0  1  1   2  0   0  0  1  0  0  0/0    14:07   0:00   0:00 
Nicklas Backstrom        0  2  2   1  0   3  1  1  0  0  6/14   18:50   2:06   0:54 
Patrice Bergeron         1  0  1   1  0   7  2  0  0  0  26/42  22:50   1:56   3:40 
Sam Lafferty             0  0  0   0  0   1  1  0  0  0  8/21   16:40   0:00   0:00 
Sebastian Aho            0  0  0   2  2   0  1  0  0  0  0/0    14:46   0:00   0:40 
Sebastian Repo           0  0  0   0  0   0  0  0  0  0  0/0     0:00   0:00   0:00 
Simon Benoit             0  0  0   1  0   0  1  0  0  0  0/0    20:07   1:55   1:31 
Vladimir Tarasenko       0  0  0   0  0   1  0  0  0  0  0/4    18:36   1:56   0:00 

Players Stats for FLORIDA

Player Name              G  A  P  +/- PIM S  H  SB GA TA FO     MP     PP MP  PK MP  
------------------------------------------------------------------------------------
Adam Lowry               1  0  1  -1  0   7  2  0  0  0  16/33  19:54   2:42   2:29 
Alex Galchenyuk          1  0  1  -1  0   7  0  0  0  0  0/0    17:25   2:42   0:00 
Brett Ritchie            0  1  1  -1  0   0  1  0  0  0  0/1    14:43   0:00   0:00 
Dante Fabbro             0  0  0  -1  0   0  1  2  0  0  0/0    22:26   1:58   1:20 
Denis Malgin             0  0  0  -1  0   1  0  0  0  0  0/0    10:52   0:00   0:00 
Drake Batherson          0  0  0   0  0   0  0  0  0  0  2/7    11:34   0:00   0:48 
Joakim Nordstrom         0  0  0   0  0   1  0  0  0  0  0/0    10:34   0:00   0:00 
Joe Thornton             0  0  0   0  0   0  0  0  0  0  17/26  18:40   1:52   1:33 
Justin Schultz           0  0  0  -1  0   0  0  2  0  0  0/0    16:35   0:00   2:42 
Marc Staal               0  1  1   0  2   2  3  1  0  0  0/0    18:22   0:00   0:00 
Markus Granlund          0  0  0   0  0   1  0  0  0  0  1/3    10:34   0:00   0:00 
Martin Necas             0  0  0   0  2   4  1  0  0  0  0/0    18:47   1:52   1:41 
Micheal Ferland          0  0  0  -1  0   0  1  0  0  0  0/0    10:52   0:00   0:00 
Nate Schmidt             0  0  0  -1  0   5  0  1  0  0  0/0    22:26   1:58   1:20 
Patrick Marleau          0  1  1   0  5   0  1  1  0  0  2/3    16:45   1:52   1:33 
Radim Simek              0  1  1  -1  0   1  3  1  0  0  0/0    19:11   2:36   2:42 
Ryan Donato              0  0  0  -1  0   3  2  0  0  0  4/13   15:16   2:42   0:00 
Shayne Gostisbehere      1  1  2   0  2   1  1  3  0  0  0/0    20:58   2:36   0:00 

3 Stars

1 - Adam Henrique (CAR)
2 - Dominik Kubalik (CAR)
3 - Patrice Bergeron (CAR)

Power Play

CAROLINA - 1 on 3 Attempt(s) - 33.33%
FLORIDA - 1 on 3 Attempt(s) - 33.33%

Penalty Kill

CAROLINA - 2 on 3 Attempt(s) - 66.67% - Score 0 goal in Penalty Kill
FLORIDA - 2 on 3 Attempt(s) - 66.67% - Score 0 goal in Penalty Kill

Team Stat

CAROLINA - Hits : 17 - Faceoff Wins : 44 - Blocked Shots : 9 - Penalty Minutes : 11
FLORIDA - Hits : 16 - Faceoff Wins : 42 - Blocked Shots : 11 - Penalty Minutes : 11

Official

Referees : Ian Bussieres and Jason Gargac
Linesman : Jason Deblois and Kyle Allen

Game Notes

Claude Giroux beats up Patrick Marleau at 2:29 of 3rd period

Finance

Level 1 -- Attendance: 5573 (92.88%) -- Ticket Income $445,840
Level 2 -- Attendance: 5000 (100.00%) -- Ticket Income $250,000
Level 3 -- Attendance: 2000 (100.00%) -- Ticket Income $56,000
Level 4 -- Attendance: 4000 (100.00%) -- Ticket Income $60,000
Luxury Box -- Attendance: 1000 (100.00%) -- Ticket Income $150,000
Game was played at the BBT Center.
Total Attendance: 17573 (97.63%)
Total Ticket Income: $961,840
Total Income: $961,840

CAROLINA

5 vs 5 Forward 
   Center                   Left Wing                Right Wing               Time % Phy DF OF 
 1 Patrice Bergeron         Claude Giroux            Alexander Radulov        35     1   2  2  
 2 Nicklas Backstrom        Dominik Kubalik          Adam Henrique            30     1   2  2  
 3 Sam Lafferty             Kyle Clifford            Vladimir Tarasenko       25     1   2  2  
 4 Patrice Bergeron         Matt Martin              Joel L'Esperance         10     1   2  2  

5 vs 5 Defense 
   Defense                  Defense                                           Time % Phy DF OF 
 1 Brent Burns              Duncan Keith                                      35     1   2  2  
 2 Deryk Engelland          Simon Benoit                                      30     1   2  2  
 3 Mitch Vande Sompel       Sebastian Aho                                     25     1   2  2  
 4 CAR Cap Hit              Brent Burns                                       10     1   2  2  

PowerPlay Forward 
   Center                   Left Wing                Right Wing               Time % Phy DF OF 
 1 Patrice Bergeron         Claude Giroux            Vladimir Tarasenko       60     1   2  2  
 2 Nicklas Backstrom        Dominik Kubalik          Alexander Radulov        40     1   2  2  

PowerPlay Defense
   Defense                  Defense                                           Time % Phy DF OF 
 1 Brent Burns              Duncan Keith                                      60     1   2  2  
 2 Deryk Engelland          Simon Benoit                                      40     1   2  2  

Penalty Kill 4 Players Forward 
   Center                   Wing                     Time % Phy DF OF 
 1 Patrice Bergeron         Claude Giroux            60     1   2  2  
 2 Nicklas Backstrom        Adam Henrique            40     1   2  2  

Penalty Kill 4 Players Defense
   Defense                  Defense                  Time % Phy DF OF 
 1 Brent Burns              Duncan Keith             60     1   2  2  
 2 Deryk Engelland          Simon Benoit             40     1   2  2  

Penalty Kill - 3 Players Forward 
   Forward                                           Time % Phy DF OF 
 1 Patrice Bergeron                                  60     1   2  2  
 2 Nicklas Backstrom                                 40     1   2  2  

Penalty Kill - 3 Players Defense
   Defense                  Defense                  Time % Phy DF OF 
 1 Brent Burns              Duncan Keith             60     1   2  2  
 2 Deryk Engelland          Simon Benoit             40     1   2  2  

4 vs 4 Forward 
   Center                   Wing                     Time % Phy DF OF 
 1 Patrice Bergeron         Claude Giroux            60     1   2  2  
 2 Nicklas Backstrom        Adam Henrique            40     1   2  2  

4 vs 4 Defense
   Defense                  Defense                  Time % Phy DF OF 
 1 Brent Burns              Duncan Keith             60     1   2  2  
 2 Deryk Engelland          Simon Benoit             40     1   2  2  

Last Minutes Offensive
   Center                   Left Wing                Right Wing               Defense                  Defense                  
   Patrice Bergeron         Claude Giroux            Vladimir Tarasenko       Brent Burns              Duncan Keith             

Last Minutes Defensive
   Center                   Left Wing                Right Wing               Defense                  Defense                  
   Patrice Bergeron         Claude Giroux            Vladimir Tarasenko       Brent Burns              Duncan Keith             

Goaltenders
Starting : Samuel Montembeault      
Backup : Sergei Bobrovsky         

Extra Forwards
Normal : Cooper Marody, Sebastian Repo, Adam Henrique - PP : Cooper Marody, Sebastian Repo - PK : Adam Henrique
Extra Defensemen
Normal : Mitch Vande Sompel, Sebastian Aho, CAR Cap Hit - PP : Mitch Vande Sompel - PK : Sebastian Aho, CAR Cap Hit
Penalty Shots
Patrice Bergeron, Claude Giroux, Nicklas Backstrom, Vladimir Tarasenko, Alexander Radulov

Scratches
Shea Weber (Right Foot Injury), Matt Benning (Healthy)

FLORIDA

5 vs 5 Forward 
   Center                   Left Wing                Right Wing               Time % Phy DF OF 
 1 Joe Thornton             Patrick Marleau          Martin Necas             31     1   2  2  
 2 Adam Lowry               Alex Galchenyuk          Brett Ritchie            30     1   2  2  
 3 Ryan Donato              Micheal Ferland          Denis Malgin             20     1   2  2  
 4 Drake Batherson          Markus Granlund          Joakim Nordstrom         19     1   2  2  

5 vs 5 Defense 
   Defense                  Defense                                           Time % Phy DF OF 
 1 Dante Fabbro             Nate Schmidt                                      35     1   2  2  
 2 Marc Staal               Shayne Gostisbehere                               35     1   2  2  
 3 Radim Simek              Justin Schultz                                    25     1   2  2  
 4 Dante Fabbro             Nate Schmidt                                      5      1   2  2  

PowerPlay Forward 
   Center                   Left Wing                Right Wing               Time % Phy DF OF 
 1 Joe Thornton             Patrick Marleau          Martin Necas             60     1   1  3  
 2 Adam Lowry               Ryan Donato              Alex Galchenyuk          40     1   1  3  

PowerPlay Defense
   Defense                  Defense                                           Time % Phy DF OF 
 1 Dante Fabbro             Nate Schmidt                                      60     1   1  3  
 2 Shayne Gostisbehere      Radim Simek                                       40     1   1  3  

Penalty Kill 4 Players Forward 
   Center                   Wing                     Time % Phy DF OF 
 1 Adam Lowry               Martin Necas             60     2   2  1  
 2 Joe Thornton             Patrick Marleau          40     2   2  1  

Penalty Kill 4 Players Defense
   Defense                  Defense                  Time % Phy DF OF 
 1 Dante Fabbro             Nate Schmidt             60     2   2  1  
 2 Justin Schultz           Radim Simek              40     2   2  1  

Penalty Kill - 3 Players Forward 
   Forward                                           Time % Phy DF OF 
 1 Adam Lowry                                        60     2   2  1  
 2 Joe Thornton                                      40     2   2  1  

Penalty Kill - 3 Players Defense
   Defense                  Defense                  Time % Phy DF OF 
 1 Dante Fabbro             Nate Schmidt             60     2   2  1  
 2 Justin Schultz           Radim Simek              40     2   2  1  

4 vs 4 Forward 
   Center                   Wing                     Time % Phy DF OF 
 1 Adam Lowry               Martin Necas             60     2   1  2  
 2 Joe Thornton             Patrick Marleau          40     2   1  2  

4 vs 4 Defense
   Defense                  Defense                  Time % Phy DF OF 
 1 Dante Fabbro             Nate Schmidt             60     2   1  2  
 2 Shayne Gostisbehere      Radim Simek              40     2   1  2  

Last Minutes Offensive
   Center                   Left Wing                Right Wing               Defense                  Defense                  
   Joe Thornton             Ryan Donato              Martin Necas             Dante Fabbro             Nate Schmidt             

Last Minutes Defensive
   Center                   Left Wing                Right Wing               Defense                  Defense                  
   Joe Thornton             Patrick Marleau          Martin Necas             Dante Fabbro             Nate Schmidt             

Goaltenders
Starting : Jimmy Howard             
Backup : Marc-Andre Fleury        

Extra Forwards
Normal : Ryan Donato, Drake Batherson, Martin Necas - PP : Drake Batherson, Ryan Donato - PK : Drake Batherson
Extra Defensemen
Normal : Justin Schultz, Radim Simek, Nate Schmidt - PP : Justin Schultz - PK : Justin Schultz, Nate Schmidt
Penalty Shots
Drake Batherson, Martin Necas, Ryan Donato, Patrick Marleau, Alex Galchenyuk

Scratches
Ilya Lyubushkin (Healthy), FLA Cap Hit (Suspend), Dillon Dube (Healthy)

% Time on Ice - CAROLINA

Lines # - Real PCT - Wanted PCT - Time Play
Normal Forward
1 - 26% - 35% - 13:29
2 - 31% - 30% - 15:50
3 - 32% - 25% - 16:40
4 - 11% - 10% - 5:25
Normal Defense
1 - 30% - 35% - 15:37
2 - 32% - 30% - 16:41
3 - 27% - 25% - 14:07
4 - 10% - 10% - 4:59
PP Forward
1 - 48% - 60% - 1:56
2 - 52% - 40% - 2:06
PP Defense
1 - 52% - 60% - 2:07
2 - 48% - 40% - 1:55
PK Forward
1 - 80% - 60% - 3:33
2 - 20% - 40% - 0:54
PK Defense
1 - 66% - 60% - 2:56
2 - 34% - 40% - 1:31
PK3 Forward
1 - 100% - 60% - 0:07
2 - 0% - 40% - 0:00
PK3 Defense
1 - 100% - 60% - 0:07
2 - 0% - 40% - 0:00
44 Forward
1 - 0% - 60%
2 - 0% - 40%
44 Defense
1 - 0% - 60%
2 - 0% - 40%
Last Minute Offensive  - 0:00
Last Minute Defensive  - 0:00
Total
Forward - 60:00
Defense - 60:00

% Time on Ice - FLORIDA

Lines # - Real PCT - Wanted PCT - Time Play
Normal Forward
1 - 30% - 31% - 15:15
2 - 29% - 30% - 14:43
3 - 21% - 20% - 10:52
4 - 21% - 19% - 10:34
Normal Defense
1 - 34% - 35% - 17:24
2 - 36% - 35% - 18:23
3 - 27% - 25% - 13:53
4 - 3% - 5% - 1:44
PP Forward
1 - 41% - 60% - 1:52
2 - 59% - 40% - 2:42
PP Defense
1 - 43% - 60% - 1:58
2 - 57% - 40% - 2:36
PK Forward
1 - 88% - 60% - 3:32
2 - 12% - 40% - 0:30
PK Defense
1 - 33% - 60% - 1:20
2 - 67% - 40% - 2:42
PK3 Forward
1 - 0% - 60%
2 - 0% - 40%
PK3 Defense
1 - 0% - 60%
2 - 0% - 40%
44 Forward
1 - 0% - 60%
2 - 0% - 40%
44 Defense
1 - 0% - 60%
2 - 0% - 40%
Last Minute Offensive  - 0:00
Last Minute Defensive  - 0:00
Total
Forward - 60:00
Defense - 60:00

Play-by-Play

1st period


0:01 of 1st period - Joe Thornton wins face-off versus Patrice Bergeron in neutral zone.
0:06 of 1st period - Icing by Claude Giroux.
0:07 of 1st period - Adam Lowry wins face-off versus Patrice Bergeron in CAROLINA zone.
0:08 of 1st period - Shot by Alex Galchenyuk.
0:08 of 1st period - Deflect By Adam Lowry.
0:08 of 1st period - Stopped by Samuel Montembeault with a rebound.
0:10 of 1st period - Shot by Marc Staal.
0:10 of 1st period - Shot Blocked by Duncan Keith.
0:12 of 1st period - Shot by Marc Staal.
0:12 of 1st period - Stopped by Samuel Montembeault without a rebound.
0:13 of 1st period - Nicklas Backstrom wins face-off versus Ryan Donato in CAROLINA zone.
0:34 of 1st period - Shot by Adam Henrique.
0:34 of 1st period - Shot Blocked by Justin Schultz.
0:40 of 1st period - Shot by Dominik Kubalik.
0:40 of 1st period - Shot Misses the Net.
1:31 of 1st period - Minor Penalty to Sebastian Aho for High sticking.
1:32 of 1st period - Patrice Bergeron wins face-off versus Joe Thornton in CAROLINA zone.
1:55 of 1st period - Shot by Nate Schmidt.
1:55 of 1st period - Stopped by Samuel Montembeault without a rebound.
1:56 of 1st period - Nicklas Backstrom wins face-off versus Adam Lowry in CAROLINA zone.
1:56 of 1st period - Nicklas Backstrom is hit by Adam Lowry.
2:14 of 1st period - Shot by Adam Lowry.
2:14 of 1st period - Goal by Adam Lowry - CAROLINA : 0 - FLORIDA : 1.
2:15 of 1st period - Joe Thornton wins face-off versus Vladimir Tarasenko in neutral zone.
2:29 of 1st period - Kyle Clifford is hit by Patrick Marleau and loses puck.
3:04 of 1st period - Brent Burns is hit by Marc Staal and loses puck.
4:13 of 1st period - Shot by Dominik Kubalik.
4:13 of 1st period - Deflect By Adam Henrique.
4:13 of 1st period - Goal by Adam Henrique - CAROLINA : 1 - FLORIDA : 1.
4:14 of 1st period - Patrice Bergeron wins face-off versus Ryan Donato in neutral zone.
4:30 of 1st period - Shot by Patrice Bergeron.
4:30 of 1st period - Stopped by Jimmy Howard without a rebound.
4:31 of 1st period - Adam Lowry wins face-off versus Nicklas Backstrom in FLORIDA zone.
4:42 of 1st period - Shot by Adam Lowry.
4:42 of 1st period - Stopped by Samuel Montembeault without a rebound.
4:43 of 1st period - Joe Thornton wins face-off versus Sam Lafferty in CAROLINA zone.
5:57 of 1st period - Patrice Bergeron is hit by Shayne Gostisbehere and loses puck.
6:41 of 1st period - Shot by Radim Simek.
6:41 of 1st period - Shot Blocked by Nicklas Backstrom.
6:43 of 1st period - Shot by Markus Granlund.
6:43 of 1st period - Shot Blocked by Deryk Engelland.
7:09 of 1st period - Denis Malgin is hit by Matt Martin and loses puck.
7:15 of 1st period - Icing by Dante Fabbro.
7:16 of 1st period - Ryan Donato wins face-off versus Sam Lafferty in FLORIDA zone.
8:06 of 1st period - Patrice Bergeron is hit by Marc Staal.
8:22 of 1st period - Shot by Alexander Radulov.
8:22 of 1st period - Shot Blocked by Shayne Gostisbehere.
8:24 of 1st period - Shot by Alexander Radulov.
8:24 of 1st period - Shot Blocked by Patrick Marleau.
8:26 of 1st period - Shot by Patrice Bergeron.
8:26 of 1st period - Shot Misses the Net.
8:27 of 1st period - Minor Penalty to Marc Staal for High sticking.
8:28 of 1st period - Nicklas Backstrom wins face-off versus Adam Lowry in FLORIDA zone.
8:31 of 1st period - Shot by Alexander Radulov.
8:31 of 1st period - Goal by Alexander Radulov - CAROLINA : 2 - FLORIDA : 1.
8:32 of 1st period - Adam Lowry wins face-off versus Nicklas Backstrom in neutral zone.
8:50 of 1st period - Icing by Justin Schultz.
8:51 of 1st period - Alexander Radulov wins face-off versus Adam Lowry in FLORIDA zone.
9:27 of 1st period - Adam Lowry is hit by Patrice Bergeron and loses puck.
10:10 of 1st period - Shot by Dominik Kubalik.
10:10 of 1st period - Stopped by Jimmy Howard without a rebound.
10:11 of 1st period - Sam Lafferty wins face-off versus Markus Granlund in FLORIDA zone.
10:16 of 1st period - Shot by Vladimir Tarasenko.
10:16 of 1st period - Stopped by Jimmy Howard without a rebound.
10:17 of 1st period - Sam Lafferty wins face-off versus Ryan Donato in FLORIDA zone.
10:46 of 1st period - Shot by Ryan Donato.
10:46 of 1st period - Shot Misses the Net.
10:48 of 1st period - Shot by Denis Malgin.
10:48 of 1st period - Deflect By Micheal Ferland.
10:48 of 1st period - Shot Blocked by Mitch Vande Sompel.
11:39 of 1st period - Shot by Brent Burns.
11:39 of 1st period - Shot Blocked by Dante Fabbro.
12:10 of 1st period - Shot by Claude Giroux.
12:10 of 1st period - Shot Misses the Net.
12:12 of 1st period - Shot by Patrice Bergeron.
12:12 of 1st period - Shot Misses the Net.
12:48 of 1st period - Alex Galchenyuk is hit by Matt Martin and loses puck.
13:02 of 1st period - Shot by Alex Galchenyuk.
13:02 of 1st period - Stopped by Samuel Montembeault with a rebound.
14:32 of 1st period - Shot by Shayne Gostisbehere.
14:32 of 1st period - Shot Misses the Net.
14:34 of 1st period - Shot by Shayne Gostisbehere.
14:34 of 1st period - Shot Misses the Net.
14:40 of 1st period - Shot by Ryan Donato.
14:40 of 1st period - Stopped by Samuel Montembeault without a rebound.
14:41 of 1st period - Patrice Bergeron wins face-off versus Adam Lowry in CAROLINA zone.
14:46 of 1st period - Shot by Alexander Radulov.
14:46 of 1st period - Shot Misses the Net.
14:48 of 1st period - Shot by Patrice Bergeron.
14:48 of 1st period - Shot Hit the Post.
15:00 of 1st period - Shot by Patrice Bergeron.
15:00 of 1st period - Shot Misses the Net.
15:02 of 1st period - Shot by Simon Benoit.
15:02 of 1st period - Deflect By Patrice Bergeron.
15:02 of 1st period - Stopped by Jimmy Howard with a rebound.
15:04 of 1st period - Shot by Patrice Bergeron.
15:04 of 1st period - Shot Misses the Net.
15:06 of 1st period - Shot by Deryk Engelland.
15:06 of 1st period - Stopped by Jimmy Howard without a rebound.
15:07 of 1st period - Ryan Donato wins face-off versus Sam Lafferty in FLORIDA zone.
16:01 of 1st period - Kyle Clifford is hit by Adam Lowry.
16:18 of 1st period - Icing by Mitch Vande Sompel.
16:19 of 1st period - Joe Thornton wins face-off versus Sam Lafferty in CAROLINA zone.
16:26 of 1st period - Shot by Martin Necas.
16:26 of 1st period - Stopped by Samuel Montembeault without a rebound.
16:27 of 1st period - Patrice Bergeron wins face-off versus Joe Thornton in CAROLINA zone.
16:34 of 1st period - Shayne Gostisbehere is hit by Patrice Bergeron and loses puck.
16:39 of 1st period - Shot by Claude Giroux.
16:39 of 1st period - Shot Blocked by Shayne Gostisbehere.
16:41 of 1st period - Shot by Brent Burns.
16:41 of 1st period - Stopped by Jimmy Howard with a rebound.
17:59 of 1st period - Shot by Dominik Kubalik.
17:59 of 1st period - Shot Blocked by Justin Schultz.
18:40 of 1st period - Shot by Markus Granlund.
18:40 of 1st period - Stopped by Samuel Montembeault without a rebound.
18:41 of 1st period - Joe Thornton wins face-off versus Vladimir Tarasenko in CAROLINA zone.
18:41 of 1st period - Patrick Marleau is hit by Brent Burns and loses puck.
18:55 of 1st period - Joe Thornton is hit by Brent Burns and loses puck.
19:08 of 1st period - Shot by Martin Necas.
19:08 of 1st period - Stopped by Samuel Montembeault without a rebound.
19:09 of 1st period - Patrice Bergeron wins face-off versus Drake Batherson in CAROLINA zone.
19:18 of 1st period - Shot by Joakim Nordstrom.
19:18 of 1st period - Stopped by Samuel Montembeault without a rebound.
19:19 of 1st period - Patrice Bergeron wins face-off versus Ryan Donato in CAROLINA zone.
19:21 of 1st period - Icing by Brent Burns.
19:22 of 1st period - Patrice Bergeron wins face-off versus Joe Thornton in CAROLINA zone.
Goals for this period are 2 for CAROLINA vs 1 for FLORIDA.
Shots for this period are 8 for CAROLINA vs 11 for FLORIDA.

2nd period


0:01 of 2nd period - Claude Giroux wins face-off versus Adam Lowry in neutral zone.
0:04 of 2nd period - Shot by Claude Giroux.
0:04 of 2nd period - Deflect By Patrice Bergeron.
0:04 of 2nd period - Goal by Patrice Bergeron - CAROLINA : 3 - FLORIDA : 1.
0:05 of 2nd period - Patrice Bergeron wins face-off versus Brett Ritchie in neutral zone.
0:08 of 2nd period - Shot by Patrice Bergeron.
0:08 of 2nd period - Stopped by Jimmy Howard without a rebound.
0:09 of 2nd period - Adam Lowry wins face-off versus Patrice Bergeron in FLORIDA zone.
1:29 of 2nd period - Shot by Dominik Kubalik.
1:29 of 2nd period - Shot Misses the Net.
1:31 of 2nd period - Shot by Brent Burns.
1:31 of 2nd period - Goal by Brent Burns - CAROLINA : 4 - FLORIDA : 1.
1:32 of 2nd period - Sam Lafferty wins face-off versus Markus Granlund in neutral zone.
1:40 of 2nd period - Icing by Radim Simek.
1:41 of 2nd period - Drake Batherson wins face-off versus Sam Lafferty in FLORIDA zone.
2:15 of 2nd period - Shot by Vladimir Tarasenko.
2:15 of 2nd period - Shot Misses the Net.
3:28 of 2nd period - Icing by Joe Thornton.
3:29 of 2nd period - Patrice Bergeron wins face-off versus Patrick Marleau in FLORIDA zone.
3:42 of 2nd period - Shot by Joe Thornton.
3:42 of 2nd period - Shot Misses the Net.
3:44 of 2nd period - Shot by Marc Staal.
3:44 of 2nd period - Shot Misses the Net.
5:32 of 2nd period - Icing by Brent Burns.
5:33 of 2nd period - Markus Granlund wins face-off versus Nicklas Backstrom in CAROLINA zone.
6:10 of 2nd period - Shot by Patrice Bergeron.
6:10 of 2nd period - Stopped by Jimmy Howard with a rebound.
6:12 of 2nd period - Shot by Alexander Radulov.
6:12 of 2nd period - Deflect By Patrice Bergeron.
6:12 of 2nd period - Stopped by Jimmy Howard without a rebound.
6:13 of 2nd period - Joe Thornton wins face-off versus Sam Lafferty in FLORIDA zone.
6:15 of 2nd period - Nate Schmidt is hit by Sam Lafferty and loses puck.
6:34 of 2nd period - Shot by Vladimir Tarasenko.
6:34 of 2nd period - Shot Blocked by Nate Schmidt.
6:36 of 2nd period - Shot by Vladimir Tarasenko.
6:36 of 2nd period - Shot Misses the Net.
6:38 of 2nd period - Shot by Vladimir Tarasenko.
6:38 of 2nd period - Deflect By Sam Lafferty.
6:38 of 2nd period - Stopped by Jimmy Howard without a rebound.
6:39 of 2nd period - Adam Lowry wins face-off versus Nicklas Backstrom in FLORIDA zone.
6:56 of 2nd period - Shot by Dominik Kubalik.
6:56 of 2nd period - Shot Misses the Net.
7:23 of 2nd period - Icing by Radim Simek.
7:24 of 2nd period - Patrice Bergeron wins face-off versus Adam Lowry in FLORIDA zone.
7:36 of 2nd period - Icing by Radim Simek.
7:37 of 2nd period - Sam Lafferty wins face-off versus Adam Lowry in FLORIDA zone.
8:14 of 2nd period - Shot by Ryan Donato.
8:14 of 2nd period - Stopped by Samuel Montembeault without a rebound.
8:15 of 2nd period - Patrice Bergeron wins face-off versus Joe Thornton in CAROLINA zone.
8:24 of 2nd period - Joe Thornton is hit by Alexander Radulov.
9:01 of 2nd period - Icing by Duncan Keith.
9:02 of 2nd period - Patrice Bergeron wins face-off versus Ryan Donato in CAROLINA zone.
9:07 of 2nd period - Shot by Claude Giroux.
9:07 of 2nd period - Stopped by Jimmy Howard without a rebound.
9:08 of 2nd period - Nicklas Backstrom wins face-off versus Ryan Donato in FLORIDA zone.
9:16 of 2nd period - Micheal Ferland is hit by Dominik Kubalik and loses puck.
9:35 of 2nd period - Shot by Adam Henrique.
9:35 of 2nd period - Shot Misses the Net.
9:37 of 2nd period - Shot by Dominik Kubalik.
9:37 of 2nd period - Shot Misses the Net.
9:39 of 2nd period - Shot by Adam Henrique.
9:39 of 2nd period - Stopped by Jimmy Howard with a rebound.
9:41 of 2nd period - Shot by Nicklas Backstrom.
9:41 of 2nd period - Shot Misses the Net.
9:47 of 2nd period - Shot by Dominik Kubalik.
9:47 of 2nd period - Deflect By Nicklas Backstrom.
9:47 of 2nd period - Stopped by Jimmy Howard without a rebound.
9:48 of 2nd period - Adam Lowry wins face-off versus Kyle Clifford in FLORIDA zone.
9:53 of 2nd period - Mitch Vande Sompel is hit by Brett Ritchie and loses puck.
10:24 of 2nd period - Shot by Alex Galchenyuk.
10:24 of 2nd period - Stopped by Samuel Montembeault without a rebound.
10:25 of 2nd period - Alexander Radulov wins face-off versus Joe Thornton in CAROLINA zone.
10:39 of 2nd period - Shot by Alexander Radulov.
10:39 of 2nd period - Stopped by Jimmy Howard without a rebound.
10:40 of 2nd period - Nicklas Backstrom wins face-off versus Drake Batherson in FLORIDA zone.
10:49 of 2nd period - Shot by Adam Henrique.
10:49 of 2nd period - Shot Misses the Net.
12:18 of 2nd period - Deryk Engelland is hit by Radim Simek and loses puck.
12:36 of 2nd period - Icing by Duncan Keith.
12:37 of 2nd period - Patrice Bergeron wins face-off versus Ryan Donato in CAROLINA zone.
12:44 of 2nd period - Shot by Brent Burns.
12:44 of 2nd period - Deflect By Claude Giroux.
12:44 of 2nd period - Stopped by Jimmy Howard without a rebound.
12:45 of 2nd period - Sam Lafferty wins face-off versus Drake Batherson in FLORIDA zone.
13:05 of 2nd period - Vladimir Tarasenko is hit by Radim Simek and loses puck.
13:17 of 2nd period - Drake Batherson is hit by Duncan Keith and loses puck.
13:58 of 2nd period - Shot by Alex Galchenyuk.
13:58 of 2nd period - Stopped by Samuel Montembeault with a rebound.
14:00 of 2nd period - Shot by Alex Galchenyuk.
14:00 of 2nd period - Stopped by Samuel Montembeault without a rebound.
14:01 of 2nd period - Joe Thornton wins face-off versus Patrice Bergeron in CAROLINA zone.
15:01 of 2nd period - Icing by Mitch Vande Sompel.
15:02 of 2nd period - Adam Lowry wins face-off versus Sam Lafferty in CAROLINA zone.
15:02 of 2nd period - Adam Lowry is hit by Sebastian Aho.
15:25 of 2nd period - Icing by Sebastian Aho.
15:26 of 2nd period - Sam Lafferty wins face-off versus Ryan Donato in CAROLINA zone.
15:26 of 2nd period - Sam Lafferty is hit by Micheal Ferland.
16:20 of 2nd period - Joakim Nordstrom is hit by Dominik Kubalik and loses puck.
16:37 of 2nd period - Minor Penalty to Dominik Kubalik for Hooking.
16:38 of 2nd period - Joe Thornton wins face-off versus Patrice Bergeron in CAROLINA zone.
16:41 of 2nd period - Shot by Radim Simek.
16:41 of 2nd period - Stopped by Samuel Montembeault without a rebound.
16:42 of 2nd period - Joe Thornton wins face-off versus Patrice Bergeron in CAROLINA zone.
16:47 of 2nd period - Shot by Nate Schmidt.
16:47 of 2nd period - Shot Misses the Net.
16:49 of 2nd period - Shot by Nate Schmidt.
16:49 of 2nd period - Shot Misses the Net.
16:51 of 2nd period - Shot by Dante Fabbro.
16:51 of 2nd period - Shot Blocked by Duncan Keith.
16:55 of 2nd period - Shot by Nate Schmidt.
16:55 of 2nd period - Stopped by Samuel Montembeault without a rebound.
16:56 of 2nd period - Patrice Bergeron wins face-off versus Adam Lowry in CAROLINA zone.
17:08 of 2nd period - Icing by Radim Simek.
17:09 of 2nd period - Adam Lowry wins face-off versus Patrice Bergeron in FLORIDA zone.
17:38 of 2nd period - Shot by Ryan Donato.
17:38 of 2nd period - Stopped by Samuel Montembeault without a rebound.
17:39 of 2nd period - Patrick Marleau wins face-off versus Patrice Bergeron in CAROLINA zone.
17:40 of 2nd period - Shot by Dante Fabbro.
17:40 of 2nd period - Shot Misses the Net.
17:51 of 2nd period - Off-side.
17:52 of 2nd period - Patrice Bergeron wins face-off versus Joe Thornton in neutral zone.
17:52 of 2nd period - Patrice Bergeron is hit by Martin Necas.
17:56 of 2nd period - Nate Schmidt is hit by Claude Giroux.
18:06 of 2nd period - Shot by Nate Schmidt.
18:06 of 2nd period - Shot Misses the Net.
18:08 of 2nd period - Shot by Nate Schmidt.
18:08 of 2nd period - Shot Blocked by Brent Burns.
18:10 of 2nd period - Shot by Nate Schmidt.
18:10 of 2nd period - Stopped by Samuel Montembeault without a rebound.
18:11 of 2nd period - Patrice Bergeron wins face-off versus Adam Lowry in CAROLINA zone.
18:29 of 2nd period - Minor Penalty to Deryk Engelland for Hooking.
18:30 of 2nd period - Patrice Bergeron wins face-off versus Joe Thornton in CAROLINA zone.
18:37 of 2nd period - Shot by Nate Schmidt.
18:37 of 2nd period - Shot Misses the Net.
18:39 of 2nd period - Shot by Dante Fabbro.
18:39 of 2nd period - Shot Blocked by Duncan Keith.
18:41 of 2nd period - Shot by Nate Schmidt.
18:41 of 2nd period - Shot Blocked by Brent Burns.
18:43 of 2nd period - Shot by Dante Fabbro.
18:43 of 2nd period - Shot Hit the Post.
18:45 of 2nd period - Shot by Nate Schmidt.
18:45 of 2nd period - Stopped by Samuel Montembeault without a rebound.
18:46 of 2nd period - Patrice Bergeron wins face-off versus Adam Lowry in CAROLINA zone.
18:55 of 2nd period - Duncan Keith is hit by Ryan Donato and loses puck.
19:14 of 2nd period - Shot by Nicklas Backstrom.
19:14 of 2nd period - Stopped by Jimmy Howard with a rebound.
19:17 of 2nd period - Icing by Radim Simek.
19:18 of 2nd period - Adam Lowry wins face-off versus Patrice Bergeron in FLORIDA zone.
19:22 of 2nd period - Icing by Shayne Gostisbehere.
19:23 of 2nd period - Adam Lowry wins face-off versus Patrice Bergeron in FLORIDA zone.
19:25 of 2nd period - Icing by Shayne Gostisbehere.
19:26 of 2nd period - Patrice Bergeron wins face-off versus Adam Lowry in FLORIDA zone.
Goals for this period are 2 for CAROLINA vs 0 for FLORIDA.
Shots for this period are 12 for CAROLINA vs 9 for FLORIDA.

3rd period


0:01 of 3rd period - Joe Thornton wins face-off versus Patrice Bergeron in neutral zone.
0:12 of 3rd period - Shot by Nate Schmidt.
0:12 of 3rd period - Stopped by Samuel Montembeault without a rebound.
0:13 of 3rd period - Adam Lowry wins face-off versus Patrice Bergeron in CAROLINA zone.
0:23 of 3rd period - Shot by Adam Lowry.
0:23 of 3rd period - Stopped by Samuel Montembeault with a rebound.
0:25 of 3rd period - Shot by Adam Lowry.
0:25 of 3rd period - Stopped by Samuel Montembeault without a rebound.
0:26 of 3rd period - Joe Thornton wins face-off versus Patrice Bergeron in CAROLINA zone.
0:26 of 3rd period - Joe Thornton is hit by Simon Benoit.
0:44 of 3rd period - Shot by Dominik Kubalik.
0:44 of 3rd period - Shot Misses the Net.
0:46 of 3rd period - Shot by Dominik Kubalik.
0:46 of 3rd period - Shot Blocked by Marc Staal.
0:48 of 3rd period - Shot by Brent Burns.
0:48 of 3rd period - Stopped by Jimmy Howard with a rebound.
0:50 of 3rd period - Shot by Nicklas Backstrom.
0:50 of 3rd period - Shot Blocked by Shayne Gostisbehere.
1:37 of 3rd period - Shot by Alex Galchenyuk.
1:37 of 3rd period - Stopped by Samuel Montembeault without a rebound.
1:38 of 3rd period - Joe Thornton wins face-off versus Sam Lafferty in CAROLINA zone.
1:43 of 3rd period - Shot by Martin Necas.
1:43 of 3rd period - Stopped by Samuel Montembeault without a rebound.
1:44 of 3rd period - Joe Thornton wins face-off versus Sam Lafferty in CAROLINA zone.
2:29 of 3rd period - Claude Giroux beats up Patrick Marleau.
2:29 of 3rd period - Penalty to Patrick Marleau for Fighting.
2:29 of 3rd period - Penalty to Claude Giroux for Fighting.
2:30 of 3rd period - Patrice Bergeron wins face-off versus Adam Lowry in neutral zone.
2:51 of 3rd period - Shot by Patrice Bergeron.
2:51 of 3rd period - Stopped by Jimmy Howard without a rebound.
2:52 of 3rd period - Nicklas Backstrom wins face-off versus Ryan Donato in FLORIDA zone.
2:52 of 3rd period - Nicklas Backstrom is hit by Radim Simek.
3:04 of 3rd period - Shot by Nicklas Backstrom.
3:04 of 3rd period - Shot Blocked by Radim Simek.
3:06 of 3rd period - Shot by Adam Henrique.
3:06 of 3rd period - Shot Misses the Net.
3:28 of 3rd period - Shot by Adam Henrique.
3:28 of 3rd period - Goal by Adam Henrique - CAROLINA : 5 - FLORIDA : 1.
3:29 of 3rd period - Adam Lowry wins face-off versus Patrice Bergeron in neutral zone.
3:42 of 3rd period - Shot by Adam Lowry.
3:42 of 3rd period - Stopped by Samuel Montembeault without a rebound.
3:43 of 3rd period - Joe Thornton wins face-off versus Vladimir Tarasenko in CAROLINA zone.
3:46 of 3rd period - Shot by Marc Staal.
3:46 of 3rd period - Stopped by Samuel Montembeault with a rebound.
4:28 of 3rd period - Icing by Joe Thornton.
4:29 of 3rd period - Patrice Bergeron wins face-off versus Joe Thornton in FLORIDA zone.
5:20 of 3rd period - Icing by Nate Schmidt.
5:21 of 3rd period - Adam Lowry wins face-off versus Nicklas Backstrom in FLORIDA zone.
5:37 of 3rd period - Shot by Nicklas Backstrom.
5:37 of 3rd period - Stopped by Jimmy Howard with a rebound.
5:56 of 3rd period - Off-side.
5:57 of 3rd period - Drake Batherson wins face-off versus Sam Lafferty in neutral zone.
6:17 of 3rd period - Icing by Deryk Engelland.
6:18 of 3rd period - Joe Thornton wins face-off versus Sam Lafferty in CAROLINA zone.
6:29 of 3rd period - Icing by Deryk Engelland.
6:30 of 3rd period - Sam Lafferty wins face-off versus Adam Lowry in CAROLINA zone.
7:26 of 3rd period - Shot by Martin Necas.
7:26 of 3rd period - Stopped by Samuel Montembeault with a rebound.
7:31 of 3rd period - Duncan Keith is hit by Ryan Donato and loses puck.
7:33 of 3rd period - Minor Penalty to Martin Necas for Slashing.
7:34 of 3rd period - Adam Lowry wins face-off versus Nicklas Backstrom in FLORIDA zone.
7:34 of 3rd period - Justin Schultz is hit by Nicklas Backstrom and loses puck.
8:27 of 3rd period - Shot by Vladimir Tarasenko.
8:27 of 3rd period - Shot Blocked by Dante Fabbro.
8:29 of 3rd period - Shot by Deryk Engelland.
8:29 of 3rd period - Stopped by Jimmy Howard without a rebound.
8:30 of 3rd period - Joe Thornton wins face-off versus Patrice Bergeron in FLORIDA zone.
8:30 of 3rd period - Patrick Marleau is hit by Claude Giroux and loses puck.
8:53 of 3rd period - Shot by Claude Giroux.
8:53 of 3rd period - Shot Misses the Net.
8:55 of 3rd period - Shot by Brent Burns.
8:55 of 3rd period - Stopped by Jimmy Howard with a rebound.
8:57 of 3rd period - Shot by Duncan Keith.
8:57 of 3rd period - Stopped by Jimmy Howard with a rebound.
11:30 of 3rd period - Shot by Alex Galchenyuk.
11:30 of 3rd period - Goal by Alex Galchenyuk - CAROLINA : 5 - FLORIDA : 2.
11:31 of 3rd period - Patrick Marleau wins face-off versus Vladimir Tarasenko in neutral zone.
12:21 of 3rd period - Nate Schmidt is hit by Kyle Clifford and loses puck.
12:42 of 3rd period - Shot by Denis Malgin.
12:42 of 3rd period - Stopped by Samuel Montembeault with a rebound.
12:44 of 3rd period - Shot by Nate Schmidt.
12:44 of 3rd period - Shot Misses the Net.
12:50 of 3rd period - Shot by Ryan Donato.
12:50 of 3rd period - Shot Misses the Net.
13:09 of 3rd period - Shot by Brett Ritchie.
13:09 of 3rd period - Shot Blocked by Brent Burns.
13:11 of 3rd period - Shot by Adam Lowry.
13:11 of 3rd period - Shot Misses the Net.
13:13 of 3rd period - Shot by Adam Lowry.
13:13 of 3rd period - Shot Misses the Net.
13:15 of 3rd period - Shot by Adam Lowry.
13:15 of 3rd period - Deflect By Alex Galchenyuk.
13:15 of 3rd period - Stopped by Samuel Montembeault without a rebound.
13:16 of 3rd period - Cooper Marody wins face-off versus Drake Batherson in CAROLINA zone.
13:25 of 3rd period - Shot by Claude Giroux.
13:25 of 3rd period - Stopped by Jimmy Howard without a rebound.
13:26 of 3rd period - Patrice Bergeron wins face-off versus Adam Lowry in FLORIDA zone.
14:27 of 3rd period - Icing by Shayne Gostisbehere.
14:28 of 3rd period - Joe Thornton wins face-off versus Nicklas Backstrom in FLORIDA zone.
14:35 of 3rd period - Shot by Shayne Gostisbehere.
14:35 of 3rd period - Shot Misses the Net.
14:41 of 3rd period - Shot by Joe Thornton.
14:41 of 3rd period - Shot Misses the Net.
14:43 of 3rd period - Shot by Joe Thornton.
14:43 of 3rd period - Deflect By Patrick Marleau.
14:43 of 3rd period - Shot Misses the Net.
14:47 of 3rd period - Shot by Shayne Gostisbehere.
14:47 of 3rd period - Goal by Shayne Gostisbehere - CAROLINA : 5 - FLORIDA : 3.
14:48 of 3rd period - Ryan Donato wins face-off versus Sam Lafferty in neutral zone.
15:00 of 3rd period - Vladimir Tarasenko is hit by Dante Fabbro and loses puck.
15:58 of 3rd period - Minor Penalty to Shayne Gostisbehere for Holding.
15:59 of 3rd period - Patrice Bergeron wins face-off versus Adam Lowry in FLORIDA zone.
16:07 of 3rd period - Icing by Patrice Bergeron.
16:08 of 3rd period - Adam Lowry wins face-off versus Patrice Bergeron in CAROLINA zone.
16:13 of 3rd period - Shot by Martin Necas.
16:13 of 3rd period - Deflect By Adam Lowry.
16:13 of 3rd period - Stopped by Samuel Montembeault without a rebound.
16:14 of 3rd period - Adam Lowry wins face-off versus Nicklas Backstrom in CAROLINA zone.
17:20 of 3rd period - Shot by Vladimir Tarasenko.
17:20 of 3rd period - Shot Misses the Net.
17:22 of 3rd period - Shot by Deryk Engelland.
17:22 of 3rd period - Stopped by Jimmy Howard with a rebound.
17:24 of 3rd period - Shot by Deryk Engelland.
17:24 of 3rd period - Stopped by Jimmy Howard without a rebound.
17:25 of 3rd period - Patrice Bergeron wins face-off versus Adam Lowry in FLORIDA zone.
18:17 of 3rd period - Icing by Marc Staal.
18:18 of 3rd period - Ryan Donato wins face-off versus Sam Lafferty in FLORIDA zone.
18:50 of 3rd period - Icing by Brent Burns.
18:51 of 3rd period - Sam Lafferty wins face-off versus Drake Batherson in CAROLINA zone.
19:44 of 3rd period - Icing by Radim Simek.
19:45 of 3rd period - Patrice Bergeron wins face-off versus Joe Thornton in FLORIDA zone.
19:46 of 3rd period - Shot by Claude Giroux.
19:46 of 3rd period - Stopped by Jimmy Howard without a rebound.
19:47 of 3rd period - Patrice Bergeron wins face-off versus Adam Lowry in FLORIDA zone.
19:47 of 3rd period - Claude Giroux is hit by Marc Staal and loses puck.
Goals for this period are 1 for CAROLINA vs 2 for FLORIDA.
Shots for this period are 11 for CAROLINA vs 13 for FLORIDA.